 Dungeon Crawl Stone Soup version 0.31.0-32-g396128a36d (webtiles) character file.

Game seed: 4286663150810266059

226 MuskelNinja the Trooper (level 5, -11/37 HPs)
             Began as a Demonspawn Berserker on Mar 17, 2024.
             Was a Believer of Trog.
             Blown up by Ijyb (19 damage)
             ... with a mindburst bolt
             ... on level 3 of the Dungeon.
             The game lasted 00:12:21 (2122 turns).

MuskelNinja the Trooper (Demonspawn Berserker)      Turns: 2122, Time: 00:12:22

Health: -11/37     AC: 12    Str: 20    XL:     5   Next: 69%
Magic:  5/5        EV: 11    Int:  7    God:    Trog [**....]
Gold:   64         SH:  4    Dex: 12    Spells: 4/4 levels left

rFire   + . .        o - +2 mace (protect)
rCold   + . .        (no shield)
rNeg    . . .        d - +0 ring mail
rPois   .            (no helmet)
rElec   .            k - scarf {rC+ rF+}
rCorr   .            (no gloves)
SInv    .            (no boots)
Will    .....        (no amulet)
Stlth   +            (no ring)
HPRegen 0.26/turn    (no ring)
MPRegen 0.09/turn

%: random rage (3%)
@: under a protective aura
A: foul stench 2, big brain 1, condensation shield, berserk 1, dopey 1, frail 1
a: Renounce Religion, Berserk, Trog's Hand


You were on level 3 of the Dungeon.
You worshipped Trog.
Trog was pleased with you.
You visited 1 branch of the dungeon, and saw 3 of its levels.

You collected 64 gold pieces.

Inventory:

Hand Weapons
 a - a +0 mace
 c - a +0 dagger
 e - a +0 short sword
 g - a +0 hand axe
 o - a +2 mace of protection (weapon)
Missiles
 f - 25 stones (quivered)
 m - 4 large rocks
Armour
 b - a +0 animal skin
 d - a +0 ring mail (worn)
 h - a +0 leather armour
 k - a scarf of resistance (worn)
 p - a +0 scale mail
Jewellery
 n - a ring of magical power
Talismans
 l - a serpent talisman
Wands
 q - a wand of flame (14)
Scrolls
 i - 3 scrolls of identify
Potions
 j - a potion of curing
 r - a potion of magic


   Skills:
 + Level 4.0 Fighting
 + Level 3.9 Maces & Flails
 + Level 2.8 Armour
 + Level 2.6 Dodging
 + Level 1.3 Shields


You had 4 spell levels left.
You didn't know any spells.
Your spell library was empty.

Dungeon Overview and Level Annotations

Branches:
Dungeon (3/15)

Altars:
Cheibriados

Shops:
D:3 ?

Annotations:
D:3 Ijyb


Innate Abilities, Weirdness & Mutations

You sometimes emit foul miasma when damaged in melee.
You have an unusually large brain. (Int +2)
A meltable shield of frost defends you. (SH +4)
You sometimes lose your temper in combat.
You are dopey. (Int -2)
You are frail. (-10% HP)


Message History

Ijyb hits you but does no damage.
Items here: )) [ ††.
You hit Ijyb.
Ijyb is lightly wounded.
You block Ijyb's attack.
You hit Ijyb.
Ijyb is moderately wounded.
Ijyb hits you with a +0 dagger.
You barely miss Ijyb.
Ijyb is moderately wounded.
Ijyb barely misses you.
You hit Ijyb but do no damage.
Ijyb is moderately wounded.
Ijyb closely misses you. Ijyb hits you with a +0 dagger.
You hit Ijyb.
Ijyb is moderately wounded.
Ijyb hits you but does no damage.
You barely miss Ijyb. You punch Ijyb, but do no damage.
Ijyb is moderately wounded.
Ijyb hits you but does no damage.
You barely miss Ijyb.
Ijyb is moderately wounded.
Ijyb hits you but does no damage.
You hit Ijyb but do no damage.
Ijyb is moderately wounded.
Ijyb completely misses you.
You hit Ijyb.
Ijyb is heavily wounded.
Ijyb zaps a wand.
Your mind is blasted!
Ijyb hits you but does no damage.
You feel better. Ijyb hits you but does no damage.
You hit Ijyb.
Ijyb is severely wounded.
Ijyb zaps a wand.
Your mind is blasted!
* * * LOW HITPOINT WARNING * * *
You hit Ijyb.
Ijyb is almost dead.
Ijyb hits you but does no damage.
You feel better.
Ijyb zaps a wand.
Your mind is blasted!
Ouch! That really hurt!
You die...

### ....
####.. #....
#..###.#
#####g.....##
#....@.......
###!#.####.##
#.#...
#.#.### #.#.#
# ##.#.# .# #
#>...####.##
#.
#..#.......#
.##.##
#...........
......


You could see Ijyb.

Vanquished Creatures
  Jessica (D:3)
  Terence (D:3)
  6 adders
  3 river rats (D:3)
  2 dart slugs (D:1)
  7 ribbon worms (D:3)
  10 orcs (D:3)
  9 ball pythons
  A bat (D:1)
  3 endoplasms
  3 giant cockroaches
  3 goblins
  5 hobgoblins
  3 kobolds (D:1)
  2 frilled lizards
  10 rats
69 creatures vanquished.

Notes
Turn   | Place    | Note
-------+----------+-------------------------------------------
     0 | D:1      | MuskelNinja the Demonspawn Berserker began the quest for
                  | the Orb.
     0 | D:1      | Reached XP level 1. HP: 18/18 MP: 1/1
   131 | D:1      | Gained mutation: You have an unusually large brain. (Int
                  | +2) [demonic ancestry]
   131 | D:1      | Reached XP level 2. HP: 24/24 MP: 2/2
   193 | D:1      | Noticed an eye of devastation
   198 | D:1      | Found a faded altar of an unknown god.
   199 | D:1      | Noticed a shining eye
   199 | D:1      | Noticed an eye of devastation
   199 | D:1      | Noticed a golden eye
   932 | D:2      | Gained mutation: A meltable shield of frost defends you.
                  | (SH +4) [demonic ancestry]
   932 | D:2      | Reached XP level 3. HP: 29/29 MP: 3/3
  1180 | D:2      | Gained mutation: You sometimes lose your temper in combat.
                  | [potion of mutation]
  1180 | D:2      | Gained mutation: You are dopey. (Int -2) [potion of
                  | mutation]
  1180 | D:2      | Gained mutation: You are frail. (-10% HP) [potion of
                  | mutation]
  1198 | D:3      | Reached ** piety under Trog
  1395 | D:3      | Found a snail-covered altar of Cheibriados.
  1413 | D:3      | Noticed Jessica
  1419 | D:3      | Killed Jessica
  1420 | D:3      | Gained mutation: You may rarely emit foul miasma when
                  | damaged in melee. [demonic ancestry]
  1420 | D:3      | Reached XP level 4. HP: 32/32 MP: 4/4
  1485 | D:3      | Found The Oracle's Delphic Readings.
  1714 | D:3      | Noticed Terence
  1727 | D:3      | Killed Terence
  1728 | D:3      | Reached skill level 1 in Shields
  1728 | D:3      | Gained mutation: You sometimes emit foul miasma when
                  | damaged in melee. [demonic ancestry]
  1728 | D:3      | Reached XP level 5. HP: 29/37 MP: 5/5
  1780 | D:3      | Reached skill level 4 in Fighting
  2099 | D:3      | Noticed Ijyb
  2122 | D:3      | Blown up by Ijyb

Illustrated notes

Levels and vault maps discovered:
D:1:      elethiomel_arrival_maze, layout_loops_ring,
          hellmonk_ecumenical_altar_watching_god, hex_tiny, minmay_tetromino_s2
D:2:      layout_basic
D:3:      layout_basic, general_overflow_altar, lightli_sewer_entry_pipes,
          nicolae_nh_oracle_at_delphi, uniq_jessica, uniq_terence, uniq_ijyb

Skill      XL: |  1  2  3  4  5 |
---------------+----------------+-----
Maces & Flails | 3 |  3.9
Armour         | 2 |  2.8
Dodging        | 2 |  2.6
Shields        | 1 |  1.3
Fighting       | 4 |  4.0

Action                     |  1- 3 |  4- 6 || total
---------------------------+-------+-------++-------
  Melee: Mace              |    90 |    90 ||   180
         Punch             |     1 |     1 ||     2
 Invoke: Berserk           |     2 |     1 ||     3
         Trog's Hand       |       |     1 ||     1
    Use: Potion            |     4 |     4 ||     8
         Scroll            |     2 |       ||     2
 Armour: Ring mail         |    58 |    87 ||   145
         Animal skin       |     1 |       ||     1
  Dodge: Dodged            |    65 |    67 ||   132
  Block: Other             |     8 |    12 ||    20
